Map: Cosmic Sapphire

Players

LiquidElazer (Elazer)

  • Race: Zerg Zerg
  • Spawn Location: 11:00

soO - Winner!

  • Race: Zerg Zerg
  • Spawn Location: 5:00

Event: HomeStory Cup XXII

VOD

Have the link to the VOD?

Description

Time

  • Played on: Dec. 16, 2022, 2:56 p.m.
  • Length: 6:55

All games in this series

Show
View Real Time Build Order
Export as new Build Order

LiquidElazer Zerg 

Build Orders: Hatch First, Zergling Baneling 

Get SALT Encoding   

  12  0:00  Drone  
  13  0:12  Overlord  
  13  0:16  Drone  
  14  0:30  Drone x2  
  16  0:48  Hatchery  
  15  0:51  Drone  
  15  0:54  Drone  
  17  0:58  Drone  
  18  1:08  Extractor  
  17  1:12  Spawning Pool  
  17  1:15  Drone  
  17  1:19  Drone  
  18  1:27  Drone  
  19  1:38  Drone  
  20  1:50  Drone  
  21  1:59  Queen x2  
  21  2:00  Zergling x2  
  21  2:01  Overlord  
  26  2:10  Metabolic Boost  
  26  2:18  Overlord  
  26  2:19  Drone  
  27  2:25  Drone x2  
  29  2:33  Overlord  
  29  2:36  Drone  
  30  2:43  Queen  
  34  2:47  Zergling x4  
  33  2:54  Baneling Nest  
  33  2:55  Zergling x4  
  34  3:09  Zergling x16  
  42  3:23  Hatchery  
  42  3:26  Zergling x2  
  42  3:36  Drone x3  
  42  3:37  Baneling  
  45  3:45  Zergling x4  
  47  3:54  Zergling x6  
  47  3:55  Zergling x4  
  46  4:03  Zergling x6  
  48  4:14  Baneling x2  
  47  4:18  Baneling x2  
  47  4:19  Baneling x2  
  47  4:20  Zergling x8  
  47  4:22  Overlord  
  51  4:29  Zergling x4  
  51  4:31  Baneling x2  
  51  4:35  Drone x3  
  50  4:56  Zergling x18  
  50  4:58  Baneling x3  
  58  5:00  Overlord  
  58  5:05  Drone  
  59  5:08  Roach Warren  
  59  5:09  Drone x2  
  59  5:14  Drone  
  59  5:22  Drone x5  
  59  5:25  Queen  
  63  5:33  Overlord  
  62  5:36  Drone x3  
  62  5:37  Drone, Extractor  
  62  5:38  Drone  
  62  5:42  Drone x2  
  66  5:53  Overlord  
  66  5:55  Drone x6  
  69  6:09  Roach x6  
  80  6:18  Zergling x12  
  68  6:32  Roach x6  
Show
View Real Time Build Order
Export as new Build Order

soO Zerg - Winner!

Build Orders: Pool First, Zergling Baneling 

Get SALT Encoding   

  12  0:00  Drone  
  13  0:11  Overlord  
  13  0:16  Drone  
  14  0:30  Drone x2  
  16  0:39  Spawning Pool  
  15  0:43  Drone  
  15  0:46  Drone  
  17  1:07  Hatchery  
  17  1:10  Extractor  
  15  1:12  Drone  
  15  1:15  Drone  
  17  1:19  Drone  
  18  1:27  Zergling x2  
  18  1:31  Queen  
  21  1:39  Overlord  
  21  1:48  Drone  
  22  2:00  Drone  
  23  2:08  Queen  
  25  2:10  Drone  
  25  2:11  Metabolic Boost  
  26  2:19  Drone  
  26  2:22  Drone  
  30  2:30  Drone  
  30  2:33  Drone  
  30  2:39  Drone  
  30  2:40  Drone  
  30  2:42  Overlord  
  32  2:47  Hatchery  
  31  2:52  Baneling Nest  
  31  2:56  Drone x2  
  32  2:58  Drone  
  32  3:02  Drone  
  32  3:03  Drone  
  35  3:09  Drone  
  35  3:11  Zergling x2  
  37  3:13  Drone  
  37  3:16  Queen  
  37  3:18  Drone  
  41  3:23  Overlord  
  41  3:25  Zergling x2  
  41  3:26  Zergling x2  
  43  3:34  Evolution Chamber  
  43  3:37  Baneling x2  
  43  3:38  Zergling x4  
  43  3:40  Overlord  
  44  3:43  Zergling x6  
  44  3:48  Zergling x4  
  47  3:57  Zergling x8  
  49  4:02  Zergling x2  
  49  4:03  Zergling x4  
  49  4:08  Zergling x2  
  49  4:09  Baneling  
  53  4:10  Baneling  
  51  4:19  Drone  
  51  4:23  Hatchery  
  51  4:25  Drone  
  51  4:26  Drone  
  51  4:27  Baneling x2  
  51  4:30  Drone  
  52  4:34  Roach Warren  
  52  4:37  Zergling x2  
  52  4:38  Zergling x4  
  53  4:46  Zergling x2  
  53  4:55  Zergling x10  
  53  4:58  Overlord  
  53  4:59  Baneling x2  
  58  5:01  Baneling x2, Queen  
  60  5:09  Extractor  
  60  5:13  Overlord  
  59  5:17  Roach x2  
  59  5:19  Roach  
  61  5:29  Roach  
  61  5:30  Roach x2  
  61  5:31  Roach  
  61  5:32  Roach  
  71  5:41  Roach, Overlord  
  71  5:42  Zergling x2  
  74  5:46  Overlord  
  74  5:49  Roach  
  76  5:52  Zergling x2  
  77  5:59  Roach x2  
  77  6:02  Roach  
  77  6:03  Zergling x4  
  84  6:09  Roach x2  
  84  6:11  Zergling x6  
  90  6:17  Zergling x2, Roach x2  
  90  6:18  Zergling x2  
  90  6:20  Zergling x2  
  87  6:32  Zergling x4  
  85  6:37  Zergling x4  
Tags
 
Add a new tag
Caveats
  • Supply blocks, unpowered buildings, or Contaminate may cause inaccurate times.
  • Supply counts are checked every 10 seconds.